 Dungeon Crawl Stone Soup version 0.31-a0-202-g547052bce9 (webtiles) character file.

Game seed: 13902317784396932214

128 qw the Skirmisher (level 4, -1/25 HPs)
             Began as a Deep Elf Hunter on June 26, 2023.
             Slain by a scorpion (5 damage)
             ... on level 4 of the Dungeon.
             The game lasted 00:00:53 (2469 turns).

qw the Skirmisher (Deep Elf Hunter)                 Turns: 2469, Time: 00:00:53

Health: -1/25      AC:  8    Str:  5 (8)  XL:     4   Next: 86%
Magic:  6/6        EV: 10    Int:  9 (12) God:
Gold:   208        SH:  0    Dex: 21      Spells: 3/3 levels left

rFire   . . .        Y - +0 shortbow
rCold   . . .        (shield currently unavailable)
rNeg    . . .        g - +0 ring mail
rPois   .            (no helmet)
rElec   .            (no cloak)
rCorr   .            a - +2 pair of gloves {Dex+3}
SInv    .            (no boots)
Will    .....        (no amulet)
Stlth   +            (no ring)
HPRegen 0.24/turn    (no ring)
MPRegen 0.10/turn

%: no passive effects
@: lethally poisoned (-1 -> -6), about to teleport
A: dopey 1, weak 1
a: no special abilities


You were on level 4 of the Dungeon.
You visited 1 branch of the dungeon, and saw 4 of its levels.

You collected 208 gold pieces.


Innate Abilities, Weirdness & Mutations

You are dopey. (Int -2)
You are weak. (Str -2)


   Skills:
 - Level 1.5 Fighting
 + Level 8.2 Ranged Weapons
 - Level 0.3 Armour
 - Level 2.4 Dodging
 - Level 1.2 Stealth


You had 3 spell levels left.
You didn't know any spells.
Your spell library was empty.

Inventory:

Hand Weapons
 Y - a +0 shortbow (weapon)
Armour
 a - a +2 pair of gloves of dexterity (worn)
 g - a +0 ring mail (worn)
Wands
 c - a wand of digging (2)
Scrolls
 b - 2 scrolls of teleportation
 e - a scroll of identify
Potions
 f - a potion of cancellation
 j - a potion of mutation

Dungeon Overview and Level Annotations

Branches:
Dungeon (4/15)
 Temple: D:4-7

Altars:
Qazlal

Shops:
D:2 [

Annotations:
D:3 Blork the orc


Message History

You shoot an arrow. The arrow closely misses the orc.
The orc hits you with a +0 hand axe.
You shoot an arrow. The arrow closely misses the orc.
The orc hits you but does no damage. x2
You shoot an arrow. The arrow barely misses the orc.
The orc hits you with a +0 hand axe.
You shoot an arrow. The arrow hits the orc!
You kill the orc!
An ogre comes into view. It is wielding a +0 giant spiked club.
The adder bites you.
You shoot an arrow. The arrow misses the adder.
The ogre shouts!
An endoplasm comes into view.
You shoot an arrow. The endoplasm quivers.
The arrow hits the scorpion.
The scorpion is lightly wounded.
The scorpion barely misses you.
You shoot an arrow. The arrow hits the scorpion.
The scorpion is moderately wounded.
The scorpion closely misses you.
You shoot an arrow.
The arrow hits the scorpion but does no damage.
The scorpion is moderately wounded.
The scorpion stings you but does no damage.
The scorpion stings you.
You are lethally poisoned!
The scorpion poisons you!
You shoot an arrow. The arrow hits the scorpion.
The scorpion is moderately wounded.
You feel very sick.
The scorpion stings you but does no damage.
You shoot an arrow. The arrow closely misses the scorpion.
You feel very sick. The scorpion closely misses you. The scorpion stings you.
2469 ||| READING 3 scrolls of teleportation.
As you read the scroll of teleportation, it crumbles to dust.
You feel strangely unstable.
You feel sick. The scorpion stings you.
You die...

### #<# #.# #.# .~
#.# 7 ~)~7
#.####...~
P~..J####.........
#OSs...####...~
####@#.# .
........#.#
#########.# ..#
#.. #.. 7..


You could see an ogre, a scorpion, an adder and an endoplasm.

Vanquished Creatures
  4 adders
  3 worms
  3 dart slugs
  2 orcs (D:4)
  6 ball pythons
  3 bats
  6 endoplasms
  5 giant cockroaches
  8 goblins
  4 hobgoblins
  7 jackals
  7 kobolds
  2 quokkas
  4 frilled lizards
  6 rats
70 creatures vanquished.

Notes
Turn   | Place    | Note
-------+----------+-------------------------------------------
     0 | D:1      | qw the Deep Elf Hunter began the quest for the Orb.
     0 | D:1      | Reached XP level 1. HP: 12/12 MP: 3/3
     0 | D:1      | 0 ||| qw: Version: 0.3-a-22-g0ed2b0b
     0 | D:1      | 0 ||| qw: Game counter: 5773
     0 | D:1      | 0 ||| qw: Melee chars always use a shield: true
     0 | D:1      | 0 ||| qw: God list: Okawaru
     0 | D:1      | 0 ||| qw: Allow faded altars: false
     0 | D:1      | 0 ||| qw: Do Orc after clearing Dungeon:15 true
     0 | D:1      | 0 ||| qw: Do second Lair branch before Depths: true
     0 | D:1      | 0 ||| qw: Lair rune preference: random
     0 | D:1      | 0 ||| qw: Goals: Normal
     0 | D:1      | 0 ||| PLANNING D:1-11
   281 | D:1      | Reached skill level 6 in Ranged Weapons
   281 | D:1      | Reached XP level 2. HP: 16/16 MP: 4/4
   369 | D:1      | HP: 2/16 [ball python (3)]
   378 | D:1      | HP: 2/16 [hobgoblin (1)]
   622 | D:1      | You fall into a shaft and drop 1 floor!
   642 | D:2      | Reached XP level 3. HP: 20/20 MP: 5/5
   652 | D:2      | 652 ||| UPGRADING to +0 scale mail.
   662 | D:2      | 662 ||| DROPPING +0 leather armour.
   663 | D:2      | 663 ||| READING scroll labelled GUEXTA OGUMMA.
   671 | D:2      | 671 ||| READING scroll labelled MYTWAE TEFULO.
   672 | D:2      | 672 ||| DROPPING scroll of butterflies.
   896 | D:1      | 896 ||| UPGRADING to +2 pair of gloves of dexterity.
   950 | D:2      | 950 ||| STAIRDANCE
   988 | D:2      | Reached skill level 7 in Ranged Weapons
  1075 | D:2      | Found Omiuxopoikk's Antique Armour Shoppe.
  1081 | D:2      | 1081 ||| SHOPLISTING pair of boots (117 gold, have 59).
  1081 | D:2      | 1081 ||| SHOPLISTING runed scarf (208 gold, have 59).
  1530 | D:2      | 1530 ||| DRINKING 2 fuming orange potions.
  1531 | D:2      | 1531 ||| DROPPING potion of degeneration.
  1620 | D:3      | Reached XP level 4. HP: 25/25 MP: 6/6
  1961 | D:3      | Reached skill level 8 in Ranged Weapons
  2138 | D:3      | Found a stormy altar of Qazlal.
  2339 | D:3      | 2339 ||| UPGRADING to +0 ring mail.
  2349 | D:3      | 2349 ||| DROPPING +0 scale mail.
  2350 | D:3      | 2350 ||| READING 3 scrolls labelled HAXKOA WADD.
  2351 | D:3      | 2351 ||| READING scroll labelled BYHONYOREI.
  2352 | D:3      | 2352 ||| READING scroll labelled XUFYBUECAGG.
  2353 | D:3      | 2353 ||| DRINKING 2 emerald potions.
  2354 | D:3      | 2354 ||| DRINKING 2 clear potions.
  2354 | D:3      | Gained mutation: You are dopey. (Int -2) [potion of
                  | mutation]
  2354 | D:3      | Gained mutation: You are weak. (Str -2) [potion of
                  | mutation]
  2355 | D:3      | 2355 ||| READING 2 scrolls of identify.
  2355 | D:3      | 2355 ||| IDENTIFYING fizzy ruby potion
  2376 | D:4      | Noticed Blork the orc
  2381 | D:4      | HP: 6/25 [Blork the orc/puff of flame (7)]
  2382 | D:4      | 2382 ||| STAIRDANCE
  2386 | D:3      | 2386 ||| READING 4 scrolls of teleportation.
  2386 | D:3      | HP: 5/25 [Blork the orc/magic dart (2)]
  2387 | D:3      | 2387 ||| DRINKING potion of heal wounds.
  2455 | D:4      | Noticed a scorpion
  2462 | D:4      | Noticed an ogre
  2468 | D:4      | HP: 6/25 [scorpion (1)]
  2469 | D:4      | 2469 ||| READING 3 scrolls of teleportation.
  2469 | D:4      | Slain by a scorpion

Levels and vault maps discovered:
D:1:      dpeg_arrival_circle_labyrinth_c, layout_loops_ring,
          minmay_tetromino_s4
D:2:      layout_basic, serial_shops, nicolae_shop_rolling_square
D:3:      layout_basic, nicolae_qazlal_general_emergency
D:4:      layout_basic, mainiacjoe_overflow_alcove_2, serial_bayou,
          serial_bayou_shore_b, serial_bayou_lagoon_b, serial_bayou_pond_b,
          serial_bayou_pond_a, serial_bayou_pond_e, serial_bayou_pond_b,
          sigmund_army, uniq_crazy_yiuf_cottage, uniq_blork_the_orc

Skill      XL: |  1  2  3  4 |
---------------+-------------+-----
Ranged Weapons | 6 7 8 |  8.2
Fighting       | |  1.5
Armour         | |  0.3
Dodging        | |  2.4
Stealth        | |  1.2

Action                     |  1- 3 |  4- 6 || total
---------------------------+-------+-------++-------
   Fire: Shortbow          |   125 |    77 ||   202
    Use: Scroll            |     2 |     6 ||     8
         Potion            |     1 |     3 ||     4
 Armour: Leather armour    |     6 |       ||     6
         Scale mail        |    23 |     9 ||    32
         Ring mail         |       |    11 ||    11
  Dodge: Dodged            |    37 |    20 ||    57

Table legend:
 A = Non-vault XP
 B = Vault XP
 C = Vault XP percentage of total XP
 D = Non-vault monster count
 E = Vault monster count
 F = Vault count percentage of total count
                 A         B        C        D         E       F
            +---------+---------+-------+---------+---------+-------
      Total |     175 |       8 |   4.4 |      66 |       4 |   5.7
            +---------+---------+-------+---------+---------+-------
        D:1 |      37 |       3 |   7.5 |      21 |       2 |   8.7
        D:2 |      50 |       0 |   0.0 |      20 |       0 |   0.0
        D:3 |      77 |       0 |   0.0 |      21 |       0 |   0.0
        D:4 |      11 |       5 |  31.2 |       4 |       2 |  33.3
            +---------+---------+-------+---------+---------+-------
